 Dungeon Crawl Stone Soup version 0.28-a0-683-ga8797d1ae1 (webtiles) character file.

Game seed: 17632750174865789826

7035 lunkers the Thaumaturge (level 11, -2/85 HPs)
             Began as a Djinni Cinder Acolyte on Oct 18, 2021.
             Was a High Priest of Ignis.
             Slain by a wyvern (13 damage)
             ... on level 9 of the Dungeon on Oct 19, 2021.
             The game lasted 00:22:43 (12741 turns).

lunkers the Thaumaturge (Djinni Cinder Acolyte)    Turns: 12741, Time: 00:22:44

Health: -2/85      AC:  9    Str: 11    XL:     11   Next: 29%
Gold:   434        EV: 10    Int: 30    God:    Ignis [*****.] SH:  0 Dex: 13

rFire   + + +      SeeInvis .   k - +2 double sword (protect)
rCold   x . .      Faith    .   (no shield)
rNeg    . . .      Spirit   .   y - +0 acid dragon scales
rPois   ∞          Reflect  .   n - +0 helmet "Fyamy" {Will+ Str-2 Int+5 Dex+4}
rElec   .          Harm     .   x - +1 cloak
rCorr   +          Rampage  .   (no gloves)
Will    ++...                   (boots unavailable)
Stlth   +.........              (no amulet)
HPRegen 0.24/turn               t - +6 ring of intelligence
MPRegen 0.00/turn               l - ring of resist corrosion

@: about to teleport, flying, studying Axes
A: sickness immunity, fire resistance 2, cold vulnerability 1, float, innate
caster, hp casting, extra vitality 1
a: Renounce Religion, Sea of Fire, Foxfire Swarm, Rising Flame


You were on level 9 of the Dungeon.
You worshipped Ignis.
Ignis was extremely pleased with you.
You visited 1 branch of the dungeon, and saw 9 of its levels.

You collected 434 gold pieces.

Inventory:

Hand Weapons
 a - a -1 falchion of flaming
 c - a +2 dagger of draining
 k - a +2 double sword of protection (weapon)
Missiles
 r - 4 curare-tipped darts
 s - a throwing net
Armour
 n - the +0 helmet "Fyamy" (worn) {Will+ Str-2 Int+5 Dex+4}
   (You found it on level 9 of the Dungeon)

   Str:       It affects your strength (-2).
   Int:       It affects your intelligence (+5).
   Dex:       It affects your dexterity (+4).
   Will:      It increases your willpower.
 v - a +2 robe of willpower
 x - a +1 cloak (worn)
 y - +0 acid dragon scales (worn)
Jewellery
 l - a ring of resist corrosion (right hand)
 t - a +6 ring of intelligence (left hand)
Wands
 m - a wand of iceblast (6)
Scrolls
 b - 2 scrolls of silence
 e - 3 scrolls of identify
 g - a scroll of enchant armour
 h - 2 scrolls of fog
 i - 4 scrolls of blinking
Potions
 f - a potion of resistance
 j - a potion of mutation
 o - 2 potions of curing
 p - a potion of brilliance
 q - 3 potions of cancellation
 u - 2 potions of invisibility
 w - 4 potions of heal wounds


   Skills:
 + Level 10.2 Fighting
 - Level 2.6 Long Blades
 * Level 10.9 Spellcasting


You had 16 spell levels left.
You knew the following spells:

 Your Spells              Type           Power      Damage    Failure   Level
i - Ensorcelled Hibernat  Hex/Ice        100%       N/A       1%          2
j - Call Canine Familiar  Summ           69%        N/A       1%          3
k - Ozocubu's Armour      Ice            69%        N/A       1%          3
m - Passage of Golubria   Tloc           69%        N/A       1%          4
o - Beastly Appendage     Tmut           100%       N/A       1%          1
p - Scorch                Fire           100%       2d10      1%          2
Your spell library was empty.

Dungeon Overview and Level Annotations

Branches:
Dungeon (9/15)             Temple (0/1) D:6            Lair (0/6) D:9
    Orc (0/2) D:9

Altars:
Cheibriados

Shops:
D:9 [


Innate Abilities, Weirdness & Mutations

You are immune to sickness and miasma.
You are immune to poison.
Your flesh is very heat resistant. (rF++)
You are vulnerable to cold. (rC-)
You float through the air rather than walking.
You learn spells naturally, not from books.
Your magical power is your life essence.
You have superior vitality. (+4 HP)


Message History

The electric eel shoots out a bolt of lightning at you!
The bolt of electricity hits you.
Casting: Scorch (safe; 1% risk of failure)
Press: ? - help, Q - select action, (/) - cycle Dir - look around, f - activate Flames lash the electric eel.
You kill the electric eel!
The electric eel shoots out a bolt of lightning at you!
The bolt of electricity misses you. The wyvern closely misses you.
The wyvern bites you! The wyvern bites you!
* * * LOW HITPOINT WARNING * * *
The wyvern barely misses you. The wyvern barely misses you.
The wyvern bites you.
* * * LOW HITPOINT WARNING * * *
Casting: Scorch (safe; 1% risk of failure)
Press: ? - help, Q - select action, (/) - cycle Dir - look around, f - activate Flames lash the wyvern.
The wyvern is moderately wounded.
The wyvern's fire resistance burns away.
* * * LOW HITPOINT WARNING * * *
The wyvern bites you!
* * * LOW HITPOINT WARNING * * *
The wyvern bites you!
* * * LOW HITPOINT WARNING * * *
Casting: Scorch (safe; 1% risk of failure)
Press: ? - help, Q - select action, (/) - cycle Dir - look around, f - activate Flames lash the wyvern.
The wyvern is burned terribly!
The wyvern is heavily wounded.
* * * LOW HITPOINT WARNING * * *
The wyvern bites you but does no damage.
Okay, then.
As you read the scroll of teleportation, it crumbles to dust.
You feel strangely unstable.
The wyvern bites you but does no damage.
The wyvern bites you!
* * * LOW HITPOINT WARNING * * *
The wyvern bites you!
You die...

#......#..###....###.[
##..#.##.#####...####.
##.........# ##...###.
#.#........#####..##..
##.#..........###......
#.........#....##......
##......(.##....#......
##...........#......#...
#......@....##..<#..####
#.>...l....##....##†#
##..#.#..#.....#.#..####
#..#T#..####..#.......#
###.....# ##..........#
######...##†###.......#..##
##..##...###......###.###.##
##.......###.......[#........
##.....................#......


You could see a troll and a wyvern (combustible).

Vanquished Creatures
  A tengu warrior (D:9)
  A two-headed ogre (D:7)
  Pikel (D:5)
  2 kobold demonologists
  An acid dragon (D:9)
  3 water moccasins
  6 black bears
  An orc warrior (D:9)
  3 sky beasts
  3 ogres
  2 centaurs (D:8)
  2 wolves
  2 lemures (D:5)
  3 phantoms
  10 kobold brigands
  3 scorpions
  A water moccasin zombie (D:5)
  2 wights (D:8)
  A killer bee (D:7)
  2 electric eels (D:9)
  A howler monkey (D:5)
  3 centaur zombies
  A jelly (D:4)
  A bullfrog skeleton (D:6)
  5 centaur skeletons
  A gnoll shaman (D:4)
  An orc priest (D:5)
  9 hounds
  2 iguanas
  6 orc wizards
  A scorpion zombie (D:5)
  A hound zombie (D:5)
  A hound skeleton (D:5)
  A howler monkey zombie (D:8)
  7 gnolls
  A howler monkey skeleton (D:4)
  3 adders
  A white imp (D:7)
  3 worms
  2 dart slugs (D:1)
  14 orcs
  9 ball pythons
  9 endoplasms
  3 giant cockroaches
  9 goblins
  5 hobgoblins
  15 kobolds
  A quokka (D:4)
  4 bats
  A frilled lizard (D:1)
  6 rats
177 creatures vanquished.

Vanquished Creatures (collateral kills)
  A sky beast (D:8)
  A kobold brigand (D:8)
  A wight (D:8)
  2 orc priests (D:9)
  An orc wizard (D:9)
  A hobgoblin (D:4)
7 creatures vanquished.

Grand Total: 184 creatures vanquished

Notes
Turn   | Place    | Note
-------+----------+-------------------------------------------
     0 | D:1      | lunkers the Djinni Cinder Acolyte began the quest for the
                  | Orb.
     0 | D:1      | Reached XP level 1. HP: 20/20 MP: 0/0
   338 | D:1      | Reached XP level 2. HP: 24/25 MP: 0/0
  1113 | D:1      | Reached XP level 3. HP: 25/30 MP: 0/0
  1113 | D:1      | Learned a level 1 spell: Beastly Appendage
  2067 | D:2      | Reached XP level 4. HP: 19/35 MP: 0/0
  2927 | D:3      | Found a faded altar of an unknown god.
  3586 | D:4      | Noticed a phantom
  3590 | D:4      | Reached XP level 5. HP: 32/41 MP: 0/0
  3590 | D:4      | Learned a level 2 spell: Ensorcelled Hibernation
  3593 | D:4      | Killed a phantom
  3594 | D:4      | Reached XP level 6. HP: 31/47 MP: 0/0
  3854 | D:4      | Noticed a black bear
  4021 | D:4      | Noticed a black bear
  4961 | D:4      | Killed a black bear
  4962 | D:4      | Reached XP level 7. HP: 45/53 MP: 0/0
  4962 | D:4      | Learned a level 3 spell: Call Canine Familiar
  5184 | D:4      | Reached skill level 5 in Fighting
  5184 | D:4      | Reached skill level 5 in Spellcasting
  5369 | D:5      | Entered Level 5 of the Dungeon
  5468 | D:5      | Reached XP level 8. HP: 37/60 MP: 0/0
  5852 | D:5      | Noticed Pikel
  5882 | D:5      | Killed Pikel
  6164 | D:5      | Reached XP level 9. HP: 29/67 MP: 0/0
  6164 | D:5      | Learned a level 3 spell: Ozocubu's Armour
  7582 | D:6      | Found a staircase to the Ecumenical Temple.
  8585 | D:7      | Reached XP level 10. HP: 70/76 MP: 0/0
  9690 | D:8      | Noticed a two-headed ogre
  9702 | D:7      | Killed a two-headed ogre
 10862 | D:8      | Noticed a kobold demonologist
 10879 | D:8      | Noticed a rust devil
 11051 | D:8      | Killed a kobold demonologist
 11052 | D:8      | Reached skill level 10 in Spellcasting
 11385 | D:8      | Reached XP level 11. HP: 80/84 MP: 0/0
 11385 | D:8      | Learned a level 4 spell: Passage of Golubria
 11427 | D:9      | Identified the +0 helmet "Fyamy" {Will+ Str-2 Int+5 Dex+4}
 12053 | D:9      | Found a snail-covered altar of Cheibriados.
 12056 | D:9      | Found Cheibriados's Comfort Zone.
 12194 | D:9      | Noticed a tengu warrior
 12228 | D:9      | Killed a tengu warrior
 12229 | D:9      | Reached skill level 10 in Fighting
 12582 | D:9      | Found a staircase to the Lair.
 12582 | D:9      | Found a staircase to the Orcish Mines.
 12741 | D:9      | Slain by a wyvern

Illustrated notes

Levels and vault maps discovered:
D:1:      sevenhm_arrival_forest_fort_small_4, layout_basic
D:2:      layout_basic
D:3:      layout_loops_ring, chequers_ecumenical_altar_twisty,
          dk_noncrumbling_2, grunt_ministairs_11, eino_tiny_chamber
D:4:      layout_basic
D:5:      layout_loops_corners, nrook_uturn, minmay_manual_mail, uniq_pikel
D:6:      layout_basic, temple_fountains
D:7:      layout_basic, kennysheep_potato
D:8:      layout_loops_corners, special_room [special_room_kobold]
D:9:      layout_cave_pools, mainiacjoe_overflow_cross_hatched,
          erik_lair_island, orc_0_dummy, minmay_shop_chei, grunt_potential

Skill      XL: |  1  2  3  4  5  6  7  8  9 10 11 |
---------------+----------------------------------+-----
Spellcasting   | 3 4 5 7 8 10 | 10.9
Fighting       | 4 5 6 8 9 10 | 10.2
Long Blades    | |  2.6

Action                   |  1- 3 |  4- 6 |  7- 9 | 10-12 || total
-------------------------+-------+-------+-------+-------++-------
Melee: Dagger            |    91 |    30 |       |       ||   121
       Falchion          |     6 |       |       |       ||     6
       Double sword      |       |       |       |    38 ||    38
 Cast: Scorch            |    10 |    52 |   135 |   121 ||   318
       Ensorcelled Hiber |       |     4 |       |       ||     4
       Call Canine Famil |       |       |     7 |    10 ||    17
  Use: Scroll            |       |     3 |    14 |     9 ||    26
Armor: Robe              |    29 |     7 |     7 |    32 ||    75
       Acid dragon scale |       |       |       |     2 ||     2
Dodge: Dodged            |    68 |    34 |    17 |    61 ||   180

Table legend: (Time is in decaauts)
 A = Elapsed time spent in this place.
 B = Non-inter-level travel time spent in this place.
 C = Inter-level travel time spent in this place.
 D = Time resting spent in this place.
 E = Time spent auto-exploring this place.
 F = Levels seen in this place.
 G = Mean time per level.
                   A        B        C        D        E       F      G
               +--------+--------+--------+--------+--------+-----+--------+
         Total |  12749 |  12241 |    508 |   1190 |   9371 |   9 | 1416.6 |
       Dungeon |  12749 |  12241 |    508 |   1190 |   9371 |   9 | 1416.6 |
               +--------+--------+--------+--------+--------+-----+--------+

Top non-repeatable levels by time:
     D:8: 2091 daAuts
     D:5: 2084 daAuts
     D:1: 1570 daAuts
     D:3: 1513 daAuts
     D:4: 1387 daAuts
     D:7: 1278 daAuts
     D:6: 1099 daAuts
     D:2: 890 daAuts
     D:9: 833 daAuts
